AoeStats
← JoseRegens

Arena

509938395Analyzed
2v2 RM · 4d ago on Sep 28, 2026· 50m 56s· 4 players
Game mode
Random Map
Map size
Medium (4 player)
Population
200
Speed
Normal
Resources
Standard
Victory
Conquest
Starting age
Dark Age
Ending age
Imperial Age
RankedLock teamsTeams togetherTeam positionsShared explorationLock speedFull tech treeHidden civsTurbo modeCheats
Victory
Defeat
🇺🇸 Burmese · United States
825
+13
🇲🇽 Celts · Mexico
812
+15
🇨🇭 Bohemians · Switzerland
767
-14
🇩🇪 Burgundians · Germany
764
-14
Sheev95
8:55 Loom
11:17 Feudal Age
13:56 Double-Bit Axe
16:59 Castle Age
15:25 Horse Collar
25:30 Wheelbarrow
25:02 Town Watch
25:05 Loom
26:13 Bow Saw
30:01 Imperial Age
28:30 Heavy Plow
29:46 Pikeman
30:27 Squires
33:58 Scale Mail Armor
36:14 Chain Mail Armor
37:43 Chemistry
36:12 Halberdier
44:28 Man-at-Arms
44:56 Arson
45:17 Long Swordsman
46:03 Two-Handed Swordsman
49:15 Conscription
AgeofEmperor669
8:57 Loom
9:12 Loom
9:26 Double-Bit Axe
12:05 Feudal Age
17:59 Castle Age
16:24 Fletching
16:40 Scale Barding Armor
16:23 Horse Collar
17:49 Bow Saw
20:46 Forging
21:38 Heavy Plow
24:19 Gold Mining
39:38 Imperial Age
38:22 Bodkin Arrow
38:09 Cavalier
38:50 Husbandry
38:13 Light Cavalry
40:12 Two-Man Saw
39:50 Wheelbarrow
39:53 Fortified Wall
39:55 Stone Mining
41:11 Iron Casting
44:06 Chain Barding Armor
44:12 Crossbowman
45:57 Chemistry
48:12 Blast Furnace
47:48 Plate Barding Armor
47:15 Bracer
46:55 Pikeman
49:55 Hand Cart
49:26 Town Watch
periquin_182
3:52 Loom
9:46 Feudal Age
10:13 Double-Bit Axe
17:38 Castle Age
16:08 Stone Mining
17:06 Forging
16:57 Man-at-Arms
21:14 Wheelbarrow
26:40 Iron Casting
28:14 Hand Cart
27:42 Horse Collar
28:15 Bow Saw
32:44 Imperial Age
31:37 Gambesons
31:13 Pikeman
31:38 Arson
32:13 Heavy Plow
33:51 Masonry
34:45 Ballistics
37:14 Chemistry
40:01 Conscription
40:24 Long Swordsman
42:36 Scale Barding Armor
43:32 Blast Furnace
42:35 Husbandry
42:29 Light Cavalry
42:38 Two-Handed Swordsman
46:34 Scale Mail Armor
49:06 Stronghold
JoseRegens
1:12 Loom
11:40 Feudal Age
16:39 Horse Collar
20:52 Castle Age
19:00 Stone Mining
20:28 Gold Mining
21:00 Fletching
21:56 Heavy Plow
22:41 Wheelbarrow
22:46 Forging
24:55 Town Watch
25:38 Padded Archer Armor
28:35 Manipur Cavalry
31:33 Ballistics
31:32 Hand Cart
32:54 Bodkin Arrow
40:50 Imperial Age
39:46 Husbandry
39:57 Bloodlines
39:59 Scale Barding Armor
40:30 Iron Casting
46:04 Light Cavalry
50:52 Hussar
Connection lost

Rejoining the realm…

Still unreachable

The connection could not be restored.

Session expired

The server has moved on; the page needs a fresh start.